 Dungeon Crawl Stone Soup version 0.22-a0-558-gc224181 (webtiles) character file.

4167 Hebeh the Cleaver (level 10, -3/90 HPs)
             Began as a Minotaur Fighter on June 26, 2018.
             Was a Priest of Trog.
             Slain by a death yak (26 damage)
             ... on level 8 of the Dungeon.
             The game lasted 00:27:46 (7523 turns).

Hebeh the Cleaver (Minotaur Fighter)                Turns: 7523, Time: 00:27:47

Health: -3/90      AC:  8    Str: 25    XL:     10   Next: 7%
Magic:  9/9        EV:  8    Int:  5    God:    Trog [***...]
Gold:   428        SH: 12    Dex:  9    Spells: 9/9 levels left

rFire    . . .     SeeInvis .   a - +1 war axe (freeze)
rCold    + . .     Gourm    .   c - +1 shield
rNeg     . . .     Faith    .   E - +0 scale mail
rPois    .         Spirit   .   (helmet restricted)
rElec    .         Reflect  .   (no cloak)
rCorr    .         Harm     .   (no gloves)
MR       .....                  (no boots)
Stlth    +.........             z - amulet of the acrobat
HPRegen  0.25/turn              m - ring of protection from cold
MPRegen  0.11/turn              x - ring of stealth

@: no status effects
A: retaliatory headbutt, horns 2
a: Berserk, Trog's Hand, Renounce Religion


You were on level 8 of the Dungeon.
You worshipped Trog.
Trog was most pleased with you.
You were hungry.

You visited 2 branches of the dungeon, and saw 9 of its levels.

You collected 428 gold pieces.

Inventory:

Hand Weapons
 a - a +1 war axe of freezing (weapon)
 b - a +2 flail of holy wrath
Missiles
 u - 7 javelins (quivered)
Armour
 c - a +1 shield (worn)
 C - the +0 buckler "Wufien" {rPois}
   (You found it on level 5 of the Dungeon)

   It protects you from poison.
 E - a +0 scale mail (worn)
Jewellery
 m - a ring of protection from cold (left hand)
 v - an uncursed ring of resist corrosion {unknown}
 x - a ring of stealth (right hand)
 z - an amulet of the acrobat (around neck)
 H - an uncursed ring of resist corrosion {unknown}
Wands
 w - a wand of polymorph (29)
 y - a wand of flame (25)
 A - a wand of scattershot (3)
Scrolls
 e - a scroll of enchant armour
 h - 2 scrolls of fog {unknown}
 j - a scroll of magic mapping
 k - 4 scrolls of identify
 l - 4 scrolls of teleportation
 o - a scroll of enchant weapon
 q - a scroll of remove curse
 B - a scroll of fear {unknown}
Potions
 d - 3 potions of might
 g - 5 potions of heal wounds
 i - a potion of flight {unknown}
 n - 2 potions of brilliance {unknown}
 p - 2 potions of cancellation {unknown}
 r - 2 potions of mutation {unknown}
 s - a potion of haste {unknown}
 t - a potion of curing {unknown}
 D - a potion of berserk rage {unknown}
 G - 2 potions of magic {unknown}
Comestibles
 f - 17 rations


   Skills:
 + Level 8.7 Fighting
 * Level 11.1 Axes
 + Level 8.7 Armour
 + Level 8.6 Shields


You had 9 spell levels left.
You didn't know any spells.
Your spell library was empty.

Dungeon Overview and Level Annotations

Branches:
Dungeon (8/15)             Temple (1/1) D:4            Lair (0/6) D:8

Altars:
Cheibriados
Dithmenos
Elyvilon
Fedhas
Nemelex Xobeh
Qazlal
Ru
Trog
Uskayaw
Vehumet
Wu Jian
Xom
Yredelemnul
Zin
The Shining One

Shops:
D:6 :*   D:7 =


Innate Abilities, Weirdness & Mutations

You reflexively headbutt those who attack you in melee.
You have a pair of horns on your head.


Message History

The death yak is almost dead.
The death yak gores you but does no damage.
You barely miss the death yak.
The death yak is almost dead.
You block the death yak's attack.
You completely miss the death yak.
The death yak is almost dead.
The death yak gores you!
You hit the death yak but do no damage.
You headbutt the death yak, but do no damage.
The death yak is almost dead.
The death yak gores you.
You hit the death yak. You freeze the death yak.
The death yak is almost dead.
The death yak gores you!
* * * LOW HITPOINT WARNING * * *
You hit the death yak but do no damage.
The death yak is almost dead.
The death yak gores you!!
You die...

.....#
.....########
.....#......#####
####.#.####.....#
#.#.# #.[...#
#.#.# #.....# #
#.#[####.....# ..
##.#..........####
...
#...<..##.....@YY#
.Y.
#....(....######Y#
Y.#.. #.####.####
#.#..$... #.# #.#
#.Y.# #.####.#
#..Y..>.. #......#
#.....Y.# ########
#.....#..
#........
#.......#


You could see 3 death yaks.

Vanquished Creatures
  A death yak (D:8)
  Grinder (D:6)
  A yak (D:5)
  Duvessa (D:7)
  2 sky beasts (D:7)
  2 eyes of draining (D:6)
  3 orc warriors
  2 ice beasts
  2 black bears
  A phantom (D:4)
  An ogre (D:6)
  A centaur (D:5)
  A big kobold (D:7)
  4 bullfrogs
  Dowan (D:7)
  5 wights (D:7)
  3 howler monkeys (D:7)
  2 crimson imps
  3 centaur zombies
  A quasit (D:8)
  7 hounds
  A jelly (D:5)
  An orc priest (D:5)
  A bullfrog skeleton (D:8)
  A centaur skeleton (D:7)
  3 iguanas
  11 worker ants
  A hound zombie (D:8)
  A hound skeleton (D:6)
  6 gnolls
  5 adders
  7 river rats (D:6)
  A shadow imp (D:5)
  3 oozes
  2 adder zombies
  3 worms
  3 dart slugs
  2 leopard geckos
  11 orcs
  5 bats
  8 hobgoblins
  13 jackals
  11 kobolds
  5 quokkas
  4 frilled lizards
  5 goblins
  A leopard gecko zombie (D:6)
  2 quokka skeletons (D:5)
  16 rats
178 creatures vanquished.

Notes
Turn   | Place    | Note
-------+----------+-------------------------------------------
     0 | D:1      | Hebeh the Minotaur Fighter began the quest for the Orb.
     0 | D:1      | Reached XP level 1. HP: 19/19 MP: 0/0
    48 | D:1      | Reached XP level 2. HP: 24/27 MP: 1/1
   124 | D:1      | Reached skill level 3 in Axes
   334 | D:2      | Reached XP level 3. HP: 23/33 MP: 2/2
   540 | D:2      | Found a sparkling altar of Nemelex Xobeh.
   938 | D:2      | Found a faded altar of an unknown god.
  1017 | D:2      | Reached XP level 4. HP: 38/40 MP: 3/3
  1502 | D:3      | Reached skill level 4 in Axes
  1601 | D:3      | Found an ornate altar of the Wu Jian Council.
  1823 | D:4      | Reached XP level 5. HP: 46/47 MP: 4/4
  1885 | D:4      | Noticed an ice beast
  1894 | D:4      | Killed an ice beast
  1894 | D:4      | Reached skill level 5 in Axes
  1894 | D:4      | Reached XP level 6. HP: 45/55 MP: 5/5
  2089 | D:4      | Reached skill level 5 in Fighting
  2089 | D:4      | Reached skill level 5 in Armour
  2089 | D:4      | Reached skill level 5 in Shields
  2181 | D:4      | Found a staircase to the Ecumenical Temple.
  2185 | Temple   | Entered the Ecumenical Temple
  2225 | Temple   | Became a worshipper of Trog the Wrathful
  2429 | D:5      | Entered Level 5 of the Dungeon
  2647 | D:5      | Noticed a yak
  2655 | D:5      | HP: 2/56 [yak (6)]
  2656 | D:5      | Killed a yak
  2656 | D:5      | Reached skill level 6 in Axes
  2656 | D:5      | Reached XP level 7. HP: 3/61 MP: 6/6
  3544 | D:5      | Reached skill level 7 in Axes
  3565 | D:5      | Found a snail-covered altar of Cheibriados.
  3636 | D:5      | Reached * piety under Trog
  3864 | D:5      | Reached XP level 8. HP: 70/70 MP: 7/7
  4173 | D:5      | Got an ancient buckler
  4184 | D:5      | Identified the cursed +0 buckler "Wufien" {rPois} (You found it on level 5 of the Dungeon)
  4274 | D:6      | Noticed Grinder
  4325 | D:6      | Found Bijoicw's Book Emporium.
  4852 | D:6      | Reached skill level 8 in Axes
  4878 | D:6      | Killed Grinder
  5065 | D:6      | Reached skill level 9 in Axes
  5452 | D:6      | Found Zin's Purification Station.
  5455 | D:6      | Found a glowing silver altar of Zin.
  5512 | D:6      | Reached XP level 9. HP: 51/79 MP: 8/8
  5518 | D:6      | Reached ** piety under Trog
  5779 | D:6      | Found a bloodstained altar of Trog.
  5998 | D:7      | Noticed Dowan
  5999 | D:7      | Noticed Duvessa
  6004 | D:7      | Killed Dowan
  6006 | D:7      | Killed Duvessa
  6065 | D:7      | Reached skill level 10 in Axes
  6127 | D:7      | Found Honadgh's Jewellery Shoppe.
  6318 | D:7      | Reached *** piety under Trog
  6401 | D:7      | Found a sacrificial altar of Ru.
  7249 | D:8      | Noticed a death yak
  7265 | D:8      | Killed a death yak
  7265 | D:8      | Reached skill level 11 in Axes
  7265 | D:8      | Reached XP level 10. HP: 32/90 MP: 9/9
  7501 | D:8      | Found a staircase to the Lair.
  7501 | D:8      | Noticed a death yak
  7502 | D:8      | Noticed a death yak
  7502 | D:8      | Noticed a death yak
  7502 | D:8      | Noticed a death yak
  7502 | D:8      | Noticed a death yak
  7523 | D:8      | Slain by a death yak

Vault maps used:
D:1:      grunt_arrival_crossed_arrows
D:2:      lemuel_doored_altar, chequers_ecumenical_altar_simple_redux,
          first_ration
D:3:      lemuel_crystal_altar
D:4:      temple_hall_moat, corexii_hall_statues_i
D:5:      kennysheep_six_static_rooms, dk_vineyard_2, kennysheep_slug_shrine
D:6:      lemuel_ratsnest, zin_purify, serial_shops, shop_statue,
          trog_eyes_of_draining, uniq_grinder
D:7:      basic_altar, serial_shops, shop, uniq_duvessa
D:8:      dpeg_lair_monsters, serial_shops, shop_statue
Temple:   eino_narrow_crystal_temple

Skill      XL: |  1  2  3  4  5  6  7  8  9 |
---------------+----------------------------+-----
Axes           | 3 4 5 6 7 9 11 | 11.1
Fighting       | 4 5 6 7 8 |  8.7
Armour         | 4 5 6 7 8 |  8.7
Shields        | 4 5 6 7 8 |  8.6

Action                   |  1- 3 |  4- 6 |  7- 9 | 10-12 || total
-------------------------+-------+-------+-------+-------++-------
Melee: War axe           |    79 |    72 |   317 |    16 ||   484
       Headbutt          |     8 |    11 |    50 |     4 ||    73
  Use: Scroll            |       |       |    10 |       ||    10
       Potion            |       |       |     1 |       ||     1
  Eat: Chunk             |       |     6 |    11 |       ||    17
       Ration            |       |       |     1 |       ||     1
Armor: Scale mail        |    49 |    25 |    81 |     1 ||   156
Dodge: Dodged            |    24 |    13 |   123 |       ||   160
Block: Shield            |    37 |    39 |    99 |     6 ||   181

Table legend:
 A = Spawn XP
 B = Non-spawn XP
 C = Spawn XP percentage of total XP
 D = Spawn monster count
 E = Non-spawn monster count
 F = Spawn count percentage of total count
 G = Total turns spent on level
                    A         B        C        D         E        F      G
               +---------+---------+-------+---------+---------+-------+---------
         Total |       0 |    5953 |   0.0 |       0 |     178 |   0.0 |  7523
               +---------+---------+-------+---------+---------+-------+---------
           D:1 |       0 |      36 |   0.0 |       0 |      17 |   0.0 |   322
           D:2 |       0 |      65 |   0.0 |       0 |      16 |   0.0 |  1065
           D:3 |       0 |      78 |   0.0 |       0 |      17 |   0.0 |   432
           D:4 |       0 |     355 |   0.0 |       0 |       6 |   0.0 |   529
           D:5 |       0 |    1140 |   0.0 |       0 |      34 |   0.0 |  2377
           D:6 |       0 |    1542 |   0.0 |       0 |      47 |   0.0 |  1180
           D:7 |       0 |    1563 |   0.0 |       0 |      31 |   0.0 |   983
           D:8 |       0 |    1174 |   0.0 |       0 |      10 |   0.0 |   554
               +---------+---------+-------+---------+---------+-------+---------
